 Dungeon Crawl Stone Soup version 0.30-a0-451-ge042605de7 (webtiles) character file.

Game seed: 15012244488115169842

562 RancidPinata the Cudgeller (level 7, -2/44 HPs)
             Began as a Gargoyle Gladiator on Dec 11, 2022.
             Slain by a killer bee (7 damage)
             ... on level 4 of the Dungeon.
             The game lasted 00:11:58 (3411 turns).

RancidPinata the Cudgeller (Gargoyle Gladiator)     Turns: 3411, Time: 00:11:58

Health: -2/44      AC: 12    Str: 19    XL:     7   Next: 32%
Magic:  7/7        EV: 11    Int:  9    God:
Gold:   182        SH:  0    Dex: 11    Spells: 6/6 levels left

rFire   . . .      SeeInvis .    b - +2 flail (protect)
rCold   . . .      Faith    .    (no shield)
rNeg    + . .      Spirit   .    v - +0 ring mail
rPois   ∞          Reflect  .    c - +0 helmet
rElec   +          Harm     .    (no cloak)
rCorr   .          Rampage  .    A - +0 pair of gloves
Will    .....                    (no boots)
Stlth   +.........               (no amulet)
HPRegen 0.27/turn                (no ring)
MPRegen 0.10/turn                (no ring)

@: no status effects
A: sickness immunity, AC +4, negative energy resistance 1, electricity
resistance, torment resistance 1, petrification resistance
a: no special abilities


You were on level 4 of the Dungeon.
You visited 1 branch of the dungeon, and saw 4 of its levels.

You collected 182 gold pieces.

Inventory:

Hand Weapons
 b - a +2 flail of protection (weapon)
Missiles
 a - 4 poisoned darts
 d - a throwing net (quivered)
 e - a javelin
 j - 56 stones
Armour
 c - a +0 helmet (worn)
 v - a +0 ring mail (worn)
 A - a +0 pair of gloves (worn)
 D - an orb of guile
Wands
 q - a wand of mindburst (10)
 B - a wand of polymorph (9)
Scrolls
 i - a scroll of silence {unknown}
 l - 3 scrolls of torment {unknown}
 m - a scroll of fog {unknown}
 o - a scroll of blinking {unknown}
 r - a scroll of vulnerability {unknown}
 t - a scroll of immolation {unknown}
 u - 2 scrolls of noise {unknown}
 x - 2 scrolls of identify {unknown}
 y - a scroll of magic mapping {unknown}
 z - a scroll of enchant armour {unknown}
 E - 2 scrolls of poison {unknown}
Potions
 f - a potion of lignification {unknown}
 g - 4 potions of curing {unknown}
 h - a potion of resistance {unknown}
 k - a potion of ambrosia {unknown}
 n - a potion of invisibility {unknown}
 p - 2 potions of heal wounds {unknown}
 s - a potion of brilliance {unknown}
 w - a potion of magic {unknown}
 C - a potion of mutation {unknown}


   Skills:
 * Level 4.9 Fighting
 * Level 5.0 Maces & Flails
 + Level 3.0 Throwing
 + Level 2.7 Armour
 + Level 3.4 Dodging


You had 6 spell levels left.
You didn't know any spells.
Your spell library was empty.

Dungeon Overview and Level Annotations

Branches:
Dungeon (4/15)
 Temple: D:4-7

Altars:
Cheibriados
Vehumet


Innate Abilities, Weirdness & Mutations

You are immune to sickness and miasma.
Your stone body is resilient. (AC +4)
You are immune to poison.
You resist negative energy. (rN+)
You are resistant to electric shocks. (rElec)
You are resistant to unholy torment.
You are immune to petrification.


Message History

The killer bee closely misses you. The killer bee stings you.
You barely miss the killer bee.
The killer bee is lightly wounded.
The killer bee barely misses you. The killer bee stings you.
The killer bee stings you but does no damage. x2
You closely miss the killer bee.
The killer bee is lightly wounded.
The killer bee stings you but does no damage. x3
The killer bee closely misses you. x2
The killer bee stings you but does no damage.
You miss the killer bee.
The killer bee is lightly wounded.
The killer bee closely misses you. x3
The killer bee stings you but does no damage.
You barely miss the killer bee.
The killer bee is lightly wounded.
The killer bee stings you!
The killer bee stings you but does no damage.
The killer bee stings you!
* * * LOW HITPOINT WARNING * * *
The killer bee stings you but does no damage.
The killer bee attacks as you move away!
The killer bee stings you.
* * * LOW HITPOINT WARNING * * *
The killer bee closely misses you.
The killer bee stings you but does no damage.
The killer bee closely misses you. The killer bee barely misses you.
The killer bee stings you but does no damage.
The killer bee attacks as you move away!
The killer bee closely misses you. The killer bee stings you.
* * * LOW HITPOINT WARNING * * *
Throw: 2 throwing nets
Press: ? - help, Q - select action, (/) - cycle Shift-Dir - straight line, f - killer bee
Aim: a killer bee (lightly wounded, 29% to hit)
You throw a throwing net.
The throwing net barely misses the killer bee.
The throwing net misses the killer bee.
The killer bee barely misses you. The killer bee stings you!
You die...

### ##### ### #..
.... ..# #.#
#..#####.# #.#
###..##.##.#
##.##.........#.####
......##........##.##
##.#####.......y....#
.#....†..#.....###y##
.##########...#.@yy#
.# ##.##.#### ##
####.# #.# #.# ....#
#.# ....# #.. .....#
### ######. ...#


You could see 3 killer bees.

Vanquished Creatures
  Grinder (D:3)
  Edmund (D:4)
  A killer bee (D:4)
  A hound (D:4)
  An orc priest (D:3)
  Jessica (D:2)
  6 adders
  A worm (D:2)
  2 dart slugs
  3 orcs
  2 endoplasms
  2 giant cockroaches
  6 hobgoblins
  6 kobolds
  2 quokkas
  7 ball pythons
  5 bats
  3 frilled lizards
  10 goblins
  8 rats
69 creatures vanquished.

Vanquished Creatures (others)
  A rat (D:3)
1 creature vanquished.

Grand Total: 70 creatures vanquished

Notes
Turn   | Place    | Note
-------+----------+-------------------------------------------
     0 | D:1      | RancidPinata the Gargoyle Gladiator began the quest for the
                  | Orb.
     0 | D:1      | Reached XP level 1. HP: 12/12 MP: 1/1
   191 | D:1      | Reached XP level 2. HP: 15/18 MP: 2/2
   760 | D:2      | Reached XP level 3. HP: 22/22 MP: 3/3
   819 | D:2      | Noticed Jessica
   827 | D:2      | Killed Jessica
   828 | D:2      | Reached skill level 1 in Armour
   828 | D:2      | Reached XP level 4. HP: 28/28 MP: 4/4
   881 | D:2      | Identified the +1 robe "Ylodits" {Harm *Corrode rN+}
  1525 | D:3      | Found a radiant altar of Vehumet.
  1525 | D:3      | Found a snail-covered altar of Cheibriados.
  1616 | D:3      | Noticed Grinder
  1839 | D:3      | Paralysed by Grinder for 2 turns
  2017 | D:3      | Paralysed by Grinder for 2 turns
  2027 | D:3      | Paralysed by Grinder for 3 turns
  2032 | D:3      | Paralysed by Grinder for 4 turns
  2037 | D:3      | Killed Grinder
  2038 | D:3      | Reached skill level 4 in Maces & Flails
  2038 | D:3      | Reached XP level 5. HP: 15/33 MP: 5/5
  2038 | D:3      | Reached XP level 6. HP: 18/38 MP: 6/6
  2744 | D:4      | Noticed Edmund
  3102 | D:4      | Killed Edmund
  3103 | D:4      | Reached XP level 7. HP: 29/44 MP: 7/7
  3332 | D:4      | Reached skill level 5 in Maces & Flails
  3411 | D:4      | Slain by a killer bee

Illustrated notes

Levels and vault maps discovered:
D:1:      saegor_arrival_simple_d, layout_basic
D:2:      layout_loops_ring, uniq_jessica
D:3:      layout_basic, kennysheep_slug_shrine,
          mainiacjoe_overflow_cross_hatched, minmay_cut_off, uniq_grinder
D:4:      layout_loops_cross, uniq_edmund

Skill      XL: |  1  2  3  4  5  6  7 |
---------------+----------------------+-----
Throwing       | 2 3 |  3.0
Fighting       | 3 4 |  4.9
Armour         | 1 2 |  2.7
Maces & Flails | 4 5 |  5.0
Dodging        | 3 |  3.4

Action                   |  1- 3 |  4- 6 |  7- 9 || total
-------------------------+-------+-------+-------++-------
Melee: Flail             |    71 |   171 |    29 ||   271
       Punch             |       |     1 |       ||     1
Throw: Javelin           |     1 |     2 |       ||     3
       Dart              |       |     4 |       ||     4
       Throwing net      |       |     1 |     1 ||     2
Evoke: Wand              |       |     1 |       ||     1
Armor: Leather armour    |    33 |    20 |       ||    53
       Ring mail         |       |    70 |    33 ||   103
Dodge: Dodged            |    55 |   133 |    39 ||   227

Table legend: (Time is in decaauts)
 A = Elapsed time spent in this place.
 B = Non-inter-level travel time spent in this place.
 C = Inter-level travel time spent in this place.
 D = Time resting spent in this place.
 E = Time spent auto-exploring this place.
 F = Levels seen in this place.
 G = Mean time per level.
                   A        B        C        D        E       F      G
               +--------+--------+--------+--------+--------+-----+--------+
         Total |   3473 |   3434 |     39 |    754 |   1414 |   4 |  868.2 |
       Dungeon |   3473 |   3434 |     39 |    754 |   1414 |   4 |  868.2 |
               +--------+--------+--------+--------+--------+-----+--------+

Top non-repeatable levels by time:
     D:3: 1233 daAuts
     D:2: 1064 daAuts
     D:1: 689 daAuts
     D:4: 487 daAuts
